[Event "Team 45 45 League T55"]
[Site "Internet Chess Club"]
[Date "2012.11.18"]
[Round "1"]
[White "Check101"]
[Black "dscvdchk"]
[Result "1-0"]
[WhiteElo "1622"]
[BlackElo "1536"]
[Opening "Scandinavian: Pytel-Wade variation"]
[ECO "B01"]
[Time "12:02:34"]
[TimeControl "2700+45"]

1. e4 d5 2. exd5 Qxd5 3. Nc3 Qd6 4. d4 Nf6 5. Nf3 c6 6. g3 Bg4 7. Bf4 Qd8 8. Bc4
e6 9. O-O h6 10. Re1 Be7 11. Be3 O-O 12. Bd3 Re8 13. Ne4 Nxe4 14. Bxe4 f5 15.
Bd3 Nd7 16. c4 Nf6 17. Be2 Ne4 18. Qc2 Nd6 19. Rad1 Bf6 20. d5 exd5 21. cxd5
cxd5 22. Rxd5 Rc8 23. Qd2 Be7 24. Bf4 Rc6 25. Bb5 Qb6 26. Bxc6 Bxf3 27. Bxd6
Qxc6 28. Rc5 Qxd6 29. Qxd6 Bxd6 30. Rxe8+ Kf7 31. Rxf5+ Kxe8 32. Rxf3 Ke7 33.
Kf1 g6 34. h4 Ke6 35. Ke2 b6 36. Re3+ Kf5 37. Kf3 Be5 38. g4+ Kf6 39. g5+ hxg5
40. hxg5+ Kf5 41. b3 Bf4 42. Re7 a5 43. Rb7 Bxg5 44. Rxb6 Bd2 45. a3 Bc3 46. b4
axb4 47. axb4 g5 48. Rb5+ Kf6 49. Ke4 Kg6 50. Rb6+ Kh5 51. f3 Kh4 52. b5 Bd2 53.
Rg6 Bf4 54. b6 Kh5 55. Rf6 Bb8 56. b7 g4 57. fxg4+ Kxg4 58. Rf8 {Black resigns}
1-0

[Event "Team 45 45 League T55"]
[Site "Internet Chess Club"]
[Date "2012.11.18"]
[Round "1"]
[White "Ocius"]
[Black "Conjurer"]
[Result "0-1"]
[WhiteElo "1222"]
[BlackElo "1530"]
[Opening "Sicilian: closed, 2...Nc6"]
[ECO "B23"]
[Time "15:05:03"]
[TimeControl "2700+45"]

1. e4 c5 2. Nc3 Nc6 3. Nf3 g6 4. d3 Bg7 5. Be3 d6 6. Be2 Nf6 7. a3 O-O 8. O-O a6
9. d4 cxd4 10. Nxd4 e6 11. Nxc6 bxc6 12. Bf4 d5 13. e5 Nd7 14. Qd4 c5 15. Qd3
Nxe5 16. Bxe5 Bxe5 17. f4 c4 18. Qe3 Bg7 19. Qf3 Qb6+ 20. Kh1 Qxb2 21. Bxc4 Qxc3
22. Bd3 Qc5 23. Rab1 Qxa3 24. Rb3 Qc5 25. Rfb1 Bd7 26. h4 Ba4 27. Rb7 Bxc2 28.
Rc1 Qc6 29. Rb2 Bxb2 30. Rxc2 Qb6 31. h5 Rac8 32. Rd2 Rc1+ 33. Kh2 Qg1+ 34. Kg3
Bf6 35. hxg6 fxg6 36. Bxa6 Qh1 37. Qg4 Bh4+ 38. Qxh4 Qxh4+ 39. Kxh4 Rxf4+ 40.
Kg5 Ra4 41. Bc8 Rxc8 42. Kf6 Re4 43. Ra2 Rf8+ 44. Ke7 Rf7+ 45. Ke8 Rb4 46. Rf2
Rb8# {White checkmated} 0-1

[Event "Team 45 45 League T55"]
[Site "Internet Chess Club"]
[Date "2012.11.15"]
[Round "1"]
[White "sockmonkey"]
[Black "globulon"]
[Result "0-1"]
[WhiteElo "1465"]
[BlackElo "1242"]
[Opening "QGD: Tarrasch defense"]
[ECO "D32"]
[Time "04:00:09"]
[TimeControl "2700+45"]

1. d4 d5 2. Nf3 e6 3. c4 c5 4. cxd5 exd5 5. Nc3 Be6 6. Bf4 cxd4 7. Nxd4 Nf6 8.
e3 a6 9. Bd3 Bd6 10. Bxd6 Qxd6 11. Nxe6 fxe6 12. O-O O-O 13. Rc1 Nbd7 14. f4 b5
15. e4 dxe4 16. Nxe4 Qd4+ 17. Nf2 Qxb2 18. Rc2 Qb4 19. f5 exf5 20. Bxf5 Ne5 21.
Be6+ Kh8 22. Re1 Rad8 23. Qe2 Ng6 24. Bf5 Rfe8 25. Be4 Rd4 26. Bxg6 Rxe2 27.
Rc8+ Ng8 {White resigns} 0-1

[Event "Team 45 45 League T55"]
[Site "Internet Chess Club"]
[Date "2012.11.19"]
[Round "1"]
[White "clarinetref"]
[Black "hi12980"]
[Result "1-0"]
[WhiteElo "1701"]
[BlackElo "1691"]
[Opening "Nimzovich-Larsen attack: symmetrical variation"]
[ECO "A01"]
[Time "23:01:55"]
[TimeControl "2700+45"]

1. b3 b6 2. Bb2 Bb7 3. d3 c5 4. e4 Nc6 5. Nf3 d5 6. exd5 Qxd5 7. Nc3 Qd7 8. Be2
Nf6 9. O-O O-O-O 10. Ng5 e6 11. Bf3 h6 12. Nge4 Nxe4 13. Nxe4 f5 14. Nd2 Rg8 15.
Nc4 g5 16. Ne5 Nxe5 17. Bxb7+ Qxb7 18. Bxe5 Bg7 19. Qe2 Qd5 20. Bxg7 Rxg7 21.
Rfe1 Rg6 22. a4 g4 23. Qe5 Qc6 24. Rad1 h5 25. d4 h4 26. d5 Qb7 27. dxe6 Rxd1
28. Rxd1 Rg8 29. e7 Qc6 30. Qxf5+ Kc7 31. Qf7 Re8 32. Qf4+ Kb7 33. Qxg4 Rxe7 34.
Qxh4 Qe6 35. Qc4 Qf6 36. Qd5+ Kc7 37. g3 Rf7 38. Qd2 Qf5 39. Qd6+ Kb7 40. Qd5+
Qxd5 41. Rxd5 Re7 42. Rd2 a6 43. h4 b5 44. axb5 axb5 45. Kg2 Kb6 46. g4 {Black
resigns} 1-0

[Event "Team 45 45 League T55"]
[Site "Internet Chess Club"]
[Date "2012.11.18"]
[Round "1"]
[White "jjaillet2007"]
[Black "browndeer"]
[Result "0-1"]
[WhiteElo "1358"]
[BlackElo "1513"]
[Opening "Grünfeld: exchange variation"]
[ECO "D85"]
[Time "20:00:18"]
[TimeControl "2700+45"]

1. d4 Nf6 2. c4 g6 3. Nc3 d5 4. cxd5 Nxd5 5. e4 Nxc3 6. bxc3 Bg7 7. Bd3 c5 8.
Bb2 cxd4 9. cxd4 O-O 10. Nf3 e6 11. O-O Qb6 12. Qb3 Qxb3 13. axb3 Bd7 14. e5 Nc6
15. Bb5 a6 16. Bxc6 Bxc6 17. Nd2 b5 18. Rfc1 Bd5 19. b4 Bh6 20. Rc2 Rfd8 21. f3
Be3+ 22. Kf1 Bb7 23. Nb3 Rdc8 24. Rxc8+ Rxc8 25. Nc5 Bd5 26. Ke2 Bh6 27. Nxa6
Rc2+ 28. Kd3 Rxb2 29. Nc7 Bc4+ 30. Kc3 Rxg2 31. Ra8+ Bf8 32. Rb8 Rxh2 33. Nxb5
Bxb5 34. Rxb5 Rf2 35. Ra5 Rxf3+ 36. Kc4 Rf1 37. b5 Rc1+ 38. Kd3 Rc7 39. b6 Rb7
40. Ra6 h5 41. Ke4 Kh7 42. Ra7 Rxb6 43. Rxf7+ Kg8 44. Rf6 Kg7 45. d5 Be7 46.
Rxe6 Rxe6 47. dxe6 h4 48. Kf4 g5+ 49. Kg4 Kg6 50. Kf3 Kf5 51. Ke3 Kxe6 52. Ke4
h3 53. Kf3 g4+ 54. Kxg4 h2 55. Kg3 h1=Q 56. Kf2 Kxe5 57. Ke2 Qh3 58. Kd2 Qf3 59.
Kc2 Qe3 60. Kb2 Qc5 61. Kb3 Qd4 62. Kc2 Qe3 63. Kb2 Qd3 64. Ka2 Qc3 65. Kb1 Qd2
66. Ka1 Bf6 67. Kb1 Bg7 68. Ka1 Ke4+ 69. Kb1 Qb2# {White checkmated} 0-1

[Event "Team 45 45 League T55"]
[Site "Internet Chess Club"]
[Date "2012.11.20"]
[Round "1"]
[White "kingsleywang"]
[Black "Aquaman"]
[Result "0-1"]
[WhiteElo "1437"]
[BlackElo "1307"]
[Opening "QP counter-gambit (elephant gambit)"]
[ECO "C40"]
[Time "15:00:15"]
[TimeControl "2700+45"]

1. e4 e5 2. Nf3 d5 3. d4 dxe4 4. Nxe5 Bd6 5. Nc3 Nf6 6. Bg5 Nbd7 7. Nxd7 Qxd7 8.
Bxf6 gxf6 9. Nxe4 Qe6 10. Qe2 Ke7 11. Nxd6 Kxd6 12. Qxe6+ fxe6 13. O-O-O b6 14.
Bc4 Bb7 15. f3 Rhg8 16. Rhg1 a6 17. Rde1 Rae8 18. Bb3 b5 19. c3 a5 20. Bc2 f5
21. a3 h5 22. Bd3 Bc6 23. Ref1 Bd7 24. Kd2 e5 25. dxe5+ Rxe5 26. Kc2 Rge8 27.
Kd2 c5 28. Re1 f4 29. Re2 c4 30. Rxe5 Rxe5 31. Be4 Kc5 32. Rd1 Be6 33. Kc2 Rg5
34. Rd2 h4 35. h3 b4 36. axb4+ axb4 37. Re2 b3+ 38. Kb1 Bxh3 39. Kc1 Bxg2 40.
Kd1 h3 {White resigns} 0-1

[Event "Team 45 45 League T55"]
[Site "Internet Chess Club"]
[Date "2012.11.18"]
[Round "1"]
[White "PawnPusher3"]
[Black "otherook"]
[Result "1-0"]
[WhiteElo "1742"]
[BlackElo "1759"]
[Opening "Robatsch (modern) defense"]
[ECO "B06"]
[Time "15:04:51"]
[TimeControl "2700+45"]

1. e4 g6 2. d4 Bg7 3. Nc3 d6 4. Be3 a6 5. f4 b5 6. Bd3 Bb7 7. Nf3 Nd7 8. e5 Nh6
9. a4 b4 10. Ne4 Ng4 11. Bd2 a5 12. e6 fxe6 13. Nfg5 Ndf6 14. Nxe6 Qd7 15. Nxf6+
Bxf6 16. Qxg4 Bd5 17. Qxg6+ hxg6 18. Bxg6# {Black checkmated} 1-0

[Event "Team 45 45 League T55"]
[Site "Internet Chess Club"]
[Date "2012.11.15"]
[Round "1"]
[White "crazyhorses"]
[Black "chrisgianno"]
[Result "0-1"]
[WhiteElo "1422"]
[BlackElo "1691"]
[Opening "Petrov's defense"]
[ECO "C42"]
[Time "14:00:58"]
[TimeControl "2700+45"]

1. e4 e5 2. Nf3 Nf6 3. d3 Nc6 4. c3 d5 5. Nbd2 Be7 6. g3 O-O 7. Bg2 b6 8. O-O
Ba6 9. exd5 Nxd5 10. Re1 Bf6 11. Ne4 Re8 12. Nxf6+ Nxf6 13. d4 exd4 14. Nxd4
Rxe1+ 15. Qxe1 Nxd4 16. Bxa8 Nc2 17. Qe5 Qd1+ 18. Kg2 Bf1+ 19. Kg1 Bh3+ {White
resigns} 0-1

[Event "Team 45 45 League T55"]
[Site "Internet Chess Club"]
[Date "2012.11.17"]
[Round "1"]
[White "fireball"]
[Black "parrot9"]
[Result "1-0"]
[WhiteElo "1752"]
[BlackElo "1655"]
[Opening "Sicilian: Smith-Morra gambit"]
[ECO "B21"]
[Time "09:06:39"]
[TimeControl "2700+45"]

1. e4 c5 2. d4 cxd4 3. c3 Nf6 4. e5 Nd5 5. Qxd4 e6 6. Nf3 Nc6 7. Qa4 d6 8. Bb5
Bd7 9. Bxc6 Bxc6 10. Qg4 dxe5 11. Nxe5 Nf6 12. Qg3 Bd6 13. Qxg7 Rg8 14. Qxf7#
{Black checkmated} 1-0

[Event "Team 45 45 League T55"]
[Site "Internet Chess Club"]
[Date "2012.11.19"]
[Round "1"]
[White "caglar"]
[Black "monkeyshark"]
[Result "0-1"]
[WhiteElo "1501"]
[BlackElo "1520"]
[Opening "Giuoco Piano: LaBourdonnais variation"]
[ECO "C53"]
[Time "13:00:16"]
[TimeControl "2700+45"]

1. e4 e5 2. Nf3 Nc6 3. Bc4 Bc5 4. c3 d6 5. d4 exd4 6. cxd4 Bb6 7. Nc3 Bg4 8.
Bxf7+ Kxf7 9. Ng5+ Qxg5 10. Qb3+ Be6 11. Qxe6+ Kxe6 12. d5+ Kf7 13. Bxg5 Nd4 14.
O-O-O c5 15. dxc6 bxc6 16. Be3 c5 17. Nd5 Nf6 18. Bxd4 cxd4 19. Nxb6 axb6 20. a3
Rac8+ 21. Kb1 Rhe8 22. Rxd4 Rc6 23. f3 Re5 24. Rhd1 Ke6 25. b4 b5 26. Kb2 d5 27.
exd5+ Rxd5 28. Re1+ Kd6 29. Rxd5+ Nxd5 30. Rd1 Ke5 31. Rd2 Rd6 32. g3 g5 33.
Re2+ Kf5 34. g4+ Kf4 35. Rc2 Kxf3 36. Rc5 Kxg4 37. Rxb5 Kh3 38. a4 Kxh2 39. a5
g4 40. Rc5 g3 41. Rc2+ g2 42. b5 Kh1 43. Rc4 g1=Q 44. Rh4+ Qh2+ 45. Rxh2+ Kxh2
46. b6 Nxb6 47. axb6 Rxb6+ 48. Kc3 Kg3 49. Kd4 h5 {White resigns} 0-1

[Event "Team 45 45 League T55"]
[Site "Internet Chess Club"]
[Date "2012.11.16"]
[Round "1"]
[White "Constrictor"]
[Black "LazyPeon"]
[Result "0-1"]
[WhiteElo "1706"]
[BlackElo "1824"]
[Opening "Grünfeld with Bf4 & e3"]
[ECO "D93"]
[Time "17:03:02"]
[TimeControl "2700+45"]

1. Nf3 Nf6 2. d4 g6 3. c4 d5 4. Nc3 Bg7 5. Bf4 O-O 6. e3 c5 7. dxc5 Qa5 8. Rc1
dxc4 9. Bxc4 Qxc5 10. Nb5 Qb4+ 11. Kf1 Nc6 12. Nc7 Rb8 13. Nd5 Nxd5 14. Bxb8 Nb6
15. a3 Qxb2 16. Bc7 Nxc4 17. Rxc4 Be6 18. Rc1 Qxa3 19. Nd4 Nxd4 20. exd4 Bxd4
21. h4 Rc8 22. Bf4 Bc4+ 23. Kg1 Qb2 24. Rc2 Qb6 25. Qc1 Qe6 26. Rh3 b5 27. Be3
Bxe3 28. Rxe3 Qf6 29. g3 a5 30. Qa3 Qf5 31. Rc1 b4 32. Qb2 Qf6 33. Qd2 e6 34.
Qd6 Rd8 35. Qc5 Rd2 36. Re4 Bd5 37. Rf4 Qb2 38. Re1 e5 39. Rf6 Kg7 40. Rd6 Qd4
41. Qxd4 Rxd4 42. f4 b3 43. Rb1 Be4 44. Rxd4 Bxb1 45. fxe5 Bc2 {White resigns}
0-1

[Event "Team 45 45 League T55"]
[Site "Internet Chess Club"]
[Date "2012.11.19"]
[Round "1"]
[White "losscause"]
[Black "Portola"]
[Result "1/2-1/2"]
[WhiteElo "1623"]
[BlackElo "1784"]
[Opening "Queen's gambit declined"]
[ECO "D30"]
[Time "20:01:18"]
[TimeControl "2700+45"]

1. d4 d5 2. c4 e6 3. Nf3 Nf6 4. Bf4 Nbd7 5. Nc3 c6 6. e3 Be7 7. Bd3 O-O 8. Qe2
dxc4 9. Bxc4 Nd5 10. Nxd5 exd5 11. Bd3 Nf6 12. O-O-O Ne4 13. Nd2 f5 14. Nxe4
fxe4 15. Bc2 Bg5 16. Be5 Bf6 17. Bxf6 Qxf6 18. Rdf1 Qh4 19. f3 exf3 20. gxf3 Bh3
21. Rfg1 Rf6 22. Rg3 Raf8 23. Rhg1 g6 24. f4 Bf5 25. Rg5 Bxc2 26. Qxc2 Qh3 27.
Qe2 {Game drawn by mutual agreement} 1/2-1/2

[Event "Team 45 45 League T55"]
[Site "Internet Chess Club"]
[Date "2012.11.19"]
[Round "1"]
[White "g8wrb"]
[Black "SirIvanhoe"]
[Result "1-0"]
[WhiteElo "1424"]
[BlackElo "1546"]
[Opening "Caro-Kann: classical, 6.h4"]
[ECO "B18"]
[Time "15:00:39"]
[TimeControl "2700+45"]

1. e4 c6 2. d4 d5 3. Nc3 dxe4 4. Nxe4 Bf5 5. Ng3 Bg6 6. h4 h6 7. h5 Bh7 8. Nf3
Nd7 9. Bd3 Bxd3 10. Qxd3 e6 11. Bf4 Qa5+ 12. Bd2 Bb4 13. O-O-O Bxd2+ 14. Nxd2
Qxa2 15. Qb3 Qxb3 16. Nxb3 Ngf6 17. f4 Nd5 18. f5 Ne3 19. fxe6 fxe6 20. Rde1
Nxg2 21. Rxe6+ Kd8 22. Nf5 Rh7 23. Re7 Nf4 24. Rhe1 Kc7 25. Nc5 Rd8 26. Nxg7 b6
27. Nge6+ Nxe6 28. Nxe6+ Kc8 29. Rxh7 {Black resigns} 1-0

[Event "Team 45 45 League T55"]
[Site "Internet Chess Club"]
[Date "2012.11.18"]
[Round "1"]
[White "nosir"]
[Black "AtomicDog"]
[Result "1/2-1/2"]
[WhiteElo "1497"]
[BlackElo "1378"]
[Opening "Trompowsky attack (Ruth, Opocenský opening)"]
[ECO "A45"]
[Time "14:31:06"]
[TimeControl "2700+45"]

1. d4 Nf6 2. Bg5 Ne4 3. Bf4 d5 4. Nf3 Bf5 5. e3 e6 6. Be2 Bd6 7. Bxd6 Qxd6 8. c3
Nd7 9. Nh4 Bg6 10. Nxg6 hxg6 11. f3 Nef6 12. f4 O-O-O 13. Nd2 Rh6 14. Qc2 Rdh8
15. h3 Nh5 16. Bxh5 Rxh5 17. O-O-O f5 18. Nf3 Qe7 19. Kb1 Kb8 20. Rc1 Qd6 21.
Ng5 Qe7 22. c4 Nb6 23. c5 Nc4 24. Rhe1 Qd7 25. Qd3 Qb5 26. Rc2 Qc6 27. Nf7 Rf8
28. Ne5 Nxe5 29. dxe5 Rhh8 30. Rcc1 Rd8 31. Qd4 Qe8 32. Qb4 c6 {Game drawn by
mutual agreement} 1/2-1/2

[Event "Team 45 45 League T55"]
[Site "Internet Chess Club"]
[Date "2012.11.17"]
[Round "1"]
[White "chiiwen"]
[Black "parpin"]
[Result "0-1"]
[WhiteElo "2150"]
[BlackElo "2015"]
[Opening "Caro-Kann: classical, Flohr variation"]
[ECO "B18"]
[Time "21:00:41"]
[TimeControl "2700+45"]

1. e4 c6 2. d4 d5 3. Nd2 dxe4 4. Nxe4 Bf5 5. Ng3 Bg6 6. Nh3 e6 7. Nf4 Bd6 8.
Ngh5 Kf8 9. c3 Nf6 10. Ng3 Qc7 11. Qf3 Nbd7 12. Bc4 c5 13. Nxg6+ hxg6 14. Bb3
cxd4 15. cxd4 Bb4+ 16. Kf1 Bd6 17. h3 Nb6 18. Bg5 Nbd5 19. Ne2 Rh5 20. h4 Nh7
21. g4 Nxg5 22. hxg5 Rxh1+ 23. Qxh1 Kg8 24. Bxd5 exd5 25. Qxd5 Re8 26. Nc3 Bf8
27. Qf3 Qc4+ 28. Kg2 Qxd4 29. Rd1 Qe5 30. Rd7 Re7 31. Rd5 Qc7 32. Rd3 Re5 33.
Rd5 Rxd5 34. Qxd5 Qf4 35. f3 Qb4 36. Qd2 Bd6 37. Qf2 Be5 38. Qe2 Qf4 39. Qf2 a6
40. Nd1 Qxg5 41. Qe2 Qf4 42. Kf1 f5 43. gxf5 gxf5 44. b3 Kh7 45. Nf2 Bd4 46. Qd3
Kg6 47. Nh3 Qg3 48. Qxd4 Qxh3+ 49. Kf2 Qh2+ 50. Ke1 Qg3+ 51. Ke2 Qg2+ 52. Ke3
Qg1+ 53. Kd3 Qxd4+ 54. Kxd4 Kg5 55. Ke3 b6 56. b4 b5 57. a3 Kf6 58. Kd4 Kg5 59.
Ke3 Kh4 60. Kf4 g6 {White resigns} 0-1

[Event "Team 45 45 League T55"]
[Site "Internet Chess Club"]
[Date "2012.11.17"]
[Round "1"]
[White "adypady"]
[Black "Sir-Sinister"]
[Result "0-1"]
[WhiteElo "1840"]
[BlackElo "2043"]
[Opening "Ruy Lopez: Bird's defense"]
[ECO "C61"]
[Time "11:45:32"]
[TimeControl "2700+45"]

1. e4 Nc6 2. Nf3 e5 3. Bb5 Nd4 4. Nxd4 exd4 5. O-O Bc5 6. d3 c6 7. Bc4 d5 8.
exd5 cxd5 9. Bb5+ Bd7 10. Re1+ Ne7 11. Bxd7+ Qxd7 12. Nd2 O-O 13. Nf3 f6 14. Bf4
Rfe8 15. Qd2 Nc6 16. a3 a5 17. Rab1 a4 18. c3 dxc3 19. Qxc3 Bb6 20. Rxe8+ Rxe8
21. b3 g5 22. Bg3 g4 23. Nh4 Bd4 24. Qd2 axb3 25. Rxb3 Bc5 26. a4 Nd4 27. Rb1
Qxa4 28. h3 gxh3 29. Rxb7 Ne2+ 30. Kh2 Qa6 31. Rc7 Bxf2 {White resigns} 0-1

[Event "Team 45 45 League T55"]
[Site "Internet Chess Club"]
[Date "2012.11.19"]
[Round "1"]
[White "Bonneville"]
[Black "The7thGuest"]
[Result "0-1"]
[WhiteElo "1992"]
[BlackElo "2071"]
[Opening "Alekhine's defense: exchange variation"]
[ECO "B03"]
[Time "14:03:16"]
[TimeControl "2700+45"]

1. e4 Nf6 2. e5 Nd5 3. d4 d6 4. c4 Nb6 5. exd6 cxd6 6. Nc3 g6 7. Nf3 Bg7 8. Be2
O-O 9. b3 Nc6 10. Bb2 e5 11. d5 Nd4 12. O-O Nxe2+ 13. Qxe2 Bg4 14. h3 Bxf3 15.
Qxf3 f5 16. Qe2 a6 17. Rfe1 Nd7 18. Rad1 e4 19. a3 Ne5 20. Na2 Nd3 21. Bxg7 Kxg7
22. Rxd3 exd3 23. Qxd3 Re8 24. Rxe8 Qxe8 25. Kf1 Qe5 26. Nc3 Re8 27. g3 f4 28.
Kg2 fxg3 29. fxg3 Qe1 30. Qd4+ Kg8 31. Nd1 Qe4+ 32. Qxe4 Rxe4 33. Kf2 Rd4 34.
Ke2 b5 35. Ne3 bxc4 36. bxc4 Kf7 37. h4 Ke8 38. h5 Kd7 39. hxg6 hxg6 40. a4 a5
41. g4 Kc7 42. g5 Kb6 43. Kf3 Kc5 44. Ke2 Re4 45. Kd3 Rxe3+ 46. Kxe3 Kxc4 47.
Ke4 Kc5 48. Ke3 Kxd5 49. Kd3 Kc5 50. Kc3 d5 51. Kb3 Kd4 52. Kb2 Ke3 {White
resigns} 0-1

[Event "Team 45 45 League T55"]
[Site "Internet Chess Club"]
[Date "2012.11.18"]
[Round "1"]
[White "UsuallySleepy"]
[Black "pmcglothin"]
[Result "1-0"]
[WhiteElo "1886"]
[BlackElo "1798"]
[Opening "Pirc: Austrian attack, 6.Be3"]
[ECO "B06"]
[Time "08:01:28"]
[TimeControl "2700+45"]

1. e4 g6 2. d4 Bg7 3. Nc3 d6 4. f4 Nf6 5. Nf3 O-O 6. Be3 Ng4 7. Bg1 c6 8. Qd2
Nd7 9. h3 Ngf6 10. O-O-O Qa5 11. Kb1 b5 12. Nd5 Qd8 13. Nxf6+ Nxf6 14. Bd3 Qc7
15. Be3 d5 16. e5 Nd7 17. f5 Nb6 18. b3 a5 19. Bh6 a4 20. Bxg7 Kxg7 21. Qg5 f6
22. Qg3 g5 23. exf6+ {Black resigns} 1-0

[Event "Team 45 45 League T55"]
[Site "Internet Chess Club"]
[Date "2012.11.18"]
[Round "1"]
[White "stile"]
[Black "CuatroPrincesas"]
[Result "1/2-1/2"]
[WhiteElo "1979"]
[BlackElo "2157"]
[Opening "Sicilian: Najdorf, Adams attack"]
[ECO "B90"]
[Time "16:00:05"]
[TimeControl "2700+45"]

1. e4 c5 2. Nf3 d6 3. d4 cxd4 4. Nxd4 Nf6 5. Nc3 a6 6. h3 e6 7. g4 b5 8. Bg2 Bb7
9. O-O b4 10. Nd5 exd5 11. exd5 Be7 12. g5 Nfd7 13. Nc6 Qc7 14. Nxe7 Kxe7 15.
Re1+ Kd8 16. Qe2 Nb6 17. Bf4 a5 18. Rad1 Ba6 19. Qe4 Bb5 20. Qd4 Rg8 21. Qe4 g6
22. Be3 Ra7 23. Bd4 Re8 24. Qh4 Na6 25. Qxh7 Nc5 26. Qg7 Rxe1+ 27. Rxe1 Kc8 28.
Bf6 Bc4 29. Re8+ Kb7 30. Re7 Ncd7 31. Qxf7 Ka6 32. b3 Bb5 33. Qxg6 Qc5 34. Qe4
Rc7 35. h4 Nxf6 36. gxf6 Rc8 37. f7 Rf8 38. Bf3 Nc8 39. Bh5 Nxe7 40. Qxe7 Qc8
41. Qxd6+ Ka7 42. Qe7+ Kb8 43. Qd6+ Ka7 44. Qe7+ Kb6 {Game drawn by mutual
agreement} 1/2-1/2

[Event "Team 45 45 League T55"]
[Site "Internet Chess Club"]
[Date "2012.11.26"]
[Round "1"]
[White "TooStrongForYou"]
[Black "bogolijubov"]
[Result "1-0"]
[WhiteElo "2013"]
[BlackElo "1771"]
[Opening "Scandinavian: Marshall variation"]
[ECO "B01"]
[Time "17:22:38"]
[TimeControl "2700+45"]

1. e4 d5 2. exd5 Nf6 3. d4 Nxd5 4. c4 Nb6 5. Nf3 g6 6. Nc3 Bg7 7. a4 Bg4 8. a5
N6d7 9. Be2 c5 10. d5 Bxf3 11. Bxf3 Ne5 12. Be2 O-O 13. O-O Na6 14. Qb3 Qd7 15.
Be3 f5 16. g3 Nf7 17. Rfe1 Nd6 18. Bf3 f4 19. Bxf4 g5 20. Bxd6 exd6 21. Bg2 Bd4
22. Re2 Qg4 23. Qxb7 Bxc3 24. Re4 Qf5 25. bxc3 Qxf2+ 26. Kh1 Rab8 27. Qxa6 Rb2
28. Rg1 Qxg1+ 29. Kxg1 Rb1+ 30. Bf1 Rbxf1+ 31. Kg2 R1f2+ 32. Kh3 h5 33. Qxd6
{Black resigns} 1-0

[Event "Team 45 45 League T55"]
[Site "Internet Chess Club"]
[Date "2012.11.17"]
[Round "1"]
[White "barbak"]
[Black "gaibo4ever"]
[Result "1/2-1/2"]
[WhiteElo "1941"]
[BlackElo "2041"]
[Opening "Sicilian: dragon, Yugoslav attack, 9...Bd7"]
[ECO "B77"]
[Time "14:02:35"]
[TimeControl "2700+45"]

1. e4 c5 2. Nf3 d6 3. d4 cxd4 4. Nxd4 Nf6 5. Nc3 g6 6. Be3 Bg7 7. f3 Nc6 8. Qd2
O-O 9. Bc4 Bd7 10. h4 h5 11. O-O-O Ne5 12. Bb3 Rc8 13. Bh6 Bxh6 14. Qxh6 Rxc3
15. bxc3 Qc8 16. Kb1 a5 17. f4 Nfg4 18. Qg5 a4 19. fxe5 axb3 20. cxb3 Nf2 21.
Kb2 dxe5 22. Qxe5 Bg4 23. Nf3 Rd8 24. Kc2 Nxh1 25. Rxh1 Qd7 26. Nd4 f6 27. Qb5
Qd6 28. Kb1 Qg3 29. Rc1 Qxg2 30. Qxb7 e5 31. Nc2 Bf3 32. Qb6 Rd2 33. Qe6+ Kg7
34. Qe7+ {Game drawn by mutual agreement} 1/2-1/2

[Event "Team 45 45 League T55"]
[Site "Internet Chess Club"]
[Date "2012.11.19"]
[Round "1"]
[White "upsan"]
[Black "infiniteshug"]
[Result "1-0"]
[WhiteElo "1855"]
[BlackElo "1848"]
[Opening "Bird's opening"]
[ECO "A03"]
[Time "09:00:23"]
[TimeControl "2700+45"]

1. f4 d5 2. Nf3 c5 3. d4 cxd4 4. Nxd4 Nf6 5. Nc3 g6 6. e3 Bg7 7. Be2 O-O 8. O-O
Nbd7 9. f5 Nc5 10. fxg6 hxg6 11. Bf3 e5 12. Nb3 Nxb3 13. axb3 Be6 14. Kh1 a6 15.
e4 d4 16. Ne2 Rc8 17. Ng3 Qc7 18. Rf2 Rfd8 19. Bg5 Rd6 20. Bxf6 Bxf6 21. Bg4 Bg7
22. h4 Qe7 23. Bxe6 Qxh4+ 24. Bh3 Qxg3 25. Rxf7 Kxf7 26. Bxc8 Rd8 27. Qf1+ Bf6
28. Bh3 g5 29. Qf5 Qf4 30. Qh7+ Bg7 31. g3 Rh8 32. Qxh8 Qxe4+ 33. Bg2 Qxg2+ 34.
Kxg2 Bxh8 35. Kf3 Ke6 36. Ke4 Bf6 37. Rh1 b6 38. Rh7 a5 39. g4 b5 40. Rb7 b4 41.
Rb5 Kd6 42. Rd5+ Ke6 43. Rxa5 Be7 44. Rxe5+ Kd6 45. Rf5 Ke6 46. Kxd4 Bf6+ 47.
Rxf6+ Kxf6 48. c4 bxc3 49. bxc3 Ke6 50. b4 Kd6 51. b5 Kc7 52. c4 Kb6 53. Kd5 Kc7
54. c5 Kb7 55. Kd6 Kc8 56. c6 Kd8 57. b6 Kc8 58. b7+ Kb8 59. Kd7 Ka7 60. c7 Kxb7
61. c8=Q+ {Black resigns} 1-0

[Event "Team 45 45 League T55"]
[Site "Internet Chess Club"]
[Date "2012.11.18"]
[Round "1"]
[White "latayvia"]
[Black "ticopatzer"]
[Result "1-0"]
[WhiteElo "1744"]
[BlackElo "1652"]
[Opening "Two knights defense"]
[ECO "C59"]
[Time "13:02:47"]
[TimeControl "2700+45"]

1. e4 e5 2. Nf3 Nc6 3. Bc4 Nf6 4. Ng5 d5 5. exd5 Na5 6. Bb5+ c6 7. dxc6 bxc6 8.
Be2 Bc5 9. c3 Bb6 10. b4 Nb7 11. Na3 O-O 12. Nc4 Bc7 13. O-O c5 14. bxc5 Nxc5
15. Ba3 Qd5 16. d4 exd4 17. Qxd4 Qxg5 18. Bxc5 Bb7 19. Ne3 Rfe8 20. g3 Ne4 21.
Bxa7 Qa5 22. f3 Nxc3 23. Bd3 Qxa7 24. Qxc3 Rxe3 25. Kg2 Rc8 26. Rae1 Qxa2+ 27.
Kg1 Bxf3 28. Rxf3 Rxf3 29. Kh1 Kf8 30. Qc5+ Kg8 31. Qxc7 Qa8 32. Be4 {Black
forfeits on time} 1-0

[Event "Team 45 45 League T55"]
[Site "Internet Chess Club"]
[Date "2012.11.19"]
[Round "1"]
[White "julesraider"]
[Black "gandre"]
[Result "0-1"]
[WhiteElo "1586"]
[BlackElo "1791"]
[Opening "Nimzo-Indian: classical, Noa variation, main line, 7.Qc2"]
[ECO "E37"]
[Time "20:14:42"]
[TimeControl "2700+45"]

1. d4 Nf6 2. c4 e6 3. Nc3 Bb4 4. Qc2 d5 5. a3 Bxc3+ 6. Qxc3 Ne4 7. Qc2 c5 8.
dxc5 Nc6 9. cxd5 Qxd5 10. Nf3 Nxc5 11. Be3 Nd7 12. Rd1 Qh5 13. g3 O-O 14. Bg2
Nf6 15. O-O Nd5 16. Bc5 Rd8 17. e4 Nf6 18. Rxd8+ Nxd8 19. Rd1 Nc6 20. b4 Bd7 21.
Bd6 Rc8 22. e5 Nd5 23. Qe4 Nc3 24. g4 Qh6 25. Qd3 Nxd1 26. Qxd1 Nxe5 27. Bc5 Ba4
28. Qxa4 Qc1+ 29. Bf1 Nxf3+ 30. Kg2 Ne5 31. Qxa7 Qd2 32. Qxb7 Qd7 33. Ba6 Qxb7+
34. Bxb7 Rb8 35. Ba6 Nd7 36. Be3 Kf8 37. Kf3 Ke7 38. b5 Nb6 39. Ke4 f6 40. f4
Kd6 41. h4 Nd5 42. Ba7 Ra8 43. Bd4 Nc7 44. Bb7 Rb8 45. Bc6 Nxb5 46. Bxb5 Rxb5
47. Bc3 e5 48. g5 Ke6 49. gxf6 gxf6 50. f5+ Kf7 51. a4 Rc5 52. Kd3 e4+ 53. Kd4
Rxf5 54. Kxe4 Ke6 55. a5 Rc5 56. Be1 Rc4+ 57. Kd3 Ra4 58. Ke3 Kf5 59. Kf3 Ra3+
60. Ke2 Ke4 61. Kf2 f5 62. Kg2 Kf4 63. Kf2 Ra2+ 64. Kf1 Kf3 65. Bc3 Ra3 66. Be1
Ra1 67. h5 Kg4 68. h6 Kh5 69. Kf2 Kxh6 70. Kf3 Rxe1 {White resigns} 0-1

[Event "Team 45 45 League T55"]
[Site "Internet Chess Club"]
[Date "2012.11.18"]
[Round "1"]
[White "Megasus"]
[Black "rayngrant"]
[Result "1-0"]
[WhiteElo "1608"]
[BlackElo "1546"]
[Opening "Réti opening"]
[ECO "A06"]
[Time "22:03:30"]
[TimeControl "2700+45"]

1. Nf3 d5 2. e3 Nf6 3. c4 c6 4. Nc3 Bg4 5. Qb3 Qb6 6. Na4 Qxb3 7. axb3 Bxf3 8.
gxf3 e5 9. Nb6 Na6 10. Nxa8 Bd6 11. cxd5 Nxd5 12. Bxa6 bxa6 13. Rxa6 {Black
resigns} 1-0